 Dungeon Crawl Stone Soup version 0.30-a0-55-g90e3122c3a (webtiles) character file.

Game seed: 3600264450407812134

42 LnG the Trooper (level 3, 0/33 HPs)
             Began as a Hill Orc Fighter on Sept 9, 2022.
             Slain by a goblin
             ... wielding a +0 dagger of electrocution
             ... led by Robin
              (5 damage)
             ... on level 2 of the Dungeon.
             The game lasted 00:02:02 (1026 turns).

LnG the Trooper (Hill Orc Fighter)                  Turns: 1026, Time: 00:02:03

Health: 0/33       AC:  8    Str: 20    XL:     3   Next: 56%
Magic:  3/3        EV:  5    Int:  8    God:
Gold:   72         SH: 11    Dex: 10    Spells: 2/2 levels left

rFire   . . .      SeeInvis .    a - +0 war axe
rCold   . . .      Faith    .    i - +0 tower shield
rNeg    . . .      Spirit   .    b - +0 scale mail
rPois   .          Reflect  .    (no helmet)
rElec   .          Harm     .    (no cloak)
rCorr   .          Rampage  .    (no gloves)
Will    .....                    m - +0 pair of boots
Stlth   ..........               (no amulet)
HPRegen 0.11/turn                (no ring)
MPRegen 0.08/turn                (no ring)

@: no status effects
A: no striking features
a: no special abilities


You were on level 2 of the Dungeon.
You visited 1 branch of the dungeon, and saw 2 of its levels.

You collected 72 gold pieces.

Inventory:

Hand Weapons
 a - a +0 war axe (weapon)
Armour
 b - a +0 scale mail (worn)
 c - a +0 buckler
 i - a +0 tower shield (worn)
 m - a +0 pair of boots (worn)
Scrolls
 f - a scroll of brand weapon {unknown}
 j - a scroll of noise {unknown}
 l - a scroll of teleportation {unknown}
 n - a scroll of summoning {unknown}
Potions
 d - a potion of might
 e - 2 potions of haste {unknown}
 g - a potion of curing {unknown}
 h - a potion of degeneration {unknown}
 k - 2 potions of heal wounds {unknown}


   Skills:
 + Level 4.2 Fighting
 + Level 3.8 Axes
 + Level 3.6 Armour
 + Level 3.5 Shields


You had 2 spell levels left.
You didn't know any spells.
Your spell library contained the following spells:

 Spells                   Type           Power      Damage    Failure   Level
 Freeze                   Ice            0%         1d3       100%        1
 Frozen Ramparts          Ice            0%         1d1       100%        3
 Summon Guardian Golem    Hex/Summ       0%         N/A       100%        3
 Hailstorm                Conj/Ice       0%         3d3       100%        4
 Orb of Destruction       Conj           0%         9d5       100%        7
 Spellforged Servitor     Conj/Summ      0%         N/A       100%        7


Dungeon Overview and Level Annotations

Branches:
Dungeon (2/15)

Altars:
The Shining One

Annotations:
D:2 Robin


Message History

You block the goblin's attack. x2
You barely miss the goblin. You closely miss the goblin.
The goblin hits you but does no damage. x2; You block the goblin's attack.
The goblin hits you with a +0 dagger.
You hit the goblin.
The goblin is moderately wounded.
You closely miss the goblin. The goblin hits you but does no damage.
The goblin hits you with a +0 dagger. The goblin hits you but does no damage.
Robin throws the goblin at you! The goblin hits you but does no damage.
You hit the goblin.
The goblin is severely wounded.
You hit the goblin. x2
A goblin comes into view. It is wielding a +0 club.
Robin roars a battlecry!
The goblins go into a battle-frenzy!
The goblin hits you but does no damage. You block the goblin's attack. x2
You hear a shout!
You slash the goblin!
You kill the goblin!
You miss the goblin. You closely miss the goblin.
You block the goblin's attack. Robin throws the goblin at you!
The goblin hits you but does no damage.
You are electrocuted!
Ouch! That really hurt!
The goblin unwields a +0 sling.
The goblin wields a +0 club.
The goblin barely misses you. You block the goblin's attack.
The goblin barely misses you. The goblin hits you but does no damage.
You are too injured to fight recklessly!
You are too injured to fight recklessly!
You are too injured to fight recklessly!
You are too injured to fight recklessly!
You barely miss the goblin.
The goblin is heavily wounded.
You barely miss the goblin. You miss the goblin.
The goblin hits you but does no damage.
The goblin hits you with a +0 dagger of electrocution.
* * * LOW HITPOINT WARNING * * *
The goblin hits you with a +0 club.
* * * LOW HITPOINT WARNING * * *
The goblin hits you with a +0 dagger of electrocution.
You die...

#.......#.#
........#..#.#
........#..#.#####
........##.#.#...#
........##.#.#...#
........##...#...#
#######.##.......#
#.######.gg# ###@#
#g#


#gg ..g> ####. .# # You could see Robin and 5 goblins.

Vanquished Creatures
  An adder (D:2)
  3 endoplasms
  A giant cockroach (D:1)
  7 goblins
  3 hobgoblins
  3 jackals (D:1)
  2 quokkas
  2 ball pythons
  6 bats
  A kobold (D:1)
  A butterfly (D:1)
30 creatures vanquished.

Vanquished Creatures (others)
  4 withered plants (D:1)
4 creatures vanquished.

Grand Total: 34 creatures vanquished

Notes
Turn   | Place    | Note
-------+----------+-------------------------------------------
     0 | D:1      | LnG the Hill Orc Fighter began the quest for the Orb.
     0 | D:1      | Reached XP level 1. HP: 19/19 MP: 1/1
    23 | D:1      | Reached XP level 2. HP: 20/27 MP: 2/2
    95 | D:1      | Reached skill level 4 in Fighting
   768 | D:2      | Reached XP level 3. HP: 26/33 MP: 3/3
   854 | D:2      | Found a glowing golden altar of the Shining One.
  1020 | D:2      | Noticed Robin
  1026 | D:2      | Slain by a goblin

Illustrated notes

Levels and vault maps discovered:
D:1:      spicycebolla_arrival_clurvy, layout_loops_cross, glass_columns_a,
          minmay_misc_feat_more_columns, grunt_decor_arrowhead
D:2:      layout_basic, basic_altar, uniq_robin

Skill      XL: |  1  2 |
---------------+-------+-----
Fighting       | 4 |  4.2
Axes           | 3 |  3.8
Armour         | |  3.6
Shields        | |  3.5

Action                   || total
-------------------------++-------
Melee: War axe           ||    85
Armor: Scale mail        ||    61
Dodge: Dodged            ||    45
Block: Buckler           ||    23
       Tower shield      ||    30

Table legend: (Time is in decaauts)
 A = Elapsed time spent in this place.
 B = Non-inter-level travel time spent in this place.
 C = Inter-level travel time spent in this place.
 D = Time resting spent in this place.
 E = Time spent auto-exploring this place.
 F = Levels seen in this place.
 G = Mean time per level.
                   A        B        C        D        E       F      G
               +--------+--------+--------+--------+--------+-----+--------+
         Total |   1069 |   1021 |     48 |      0 |    786 |   2 |  534.5 |
       Dungeon |   1069 |   1021 |     48 |      0 |    786 |   2 |  534.5 |
               +--------+--------+--------+--------+--------+-----+--------+

Top non-repeatable levels by time:
     D:1: 763 daAuts
     D:2: 306 daAuts
